AoeStats
← capt. Bear

African Clearing

507017411Analyzed
4v4 RM · 17d ago on Sep 16, 2026· 60m 53s· 8 players
Game mode
Random Map
Map size
Large (8 player)
Population
200
Speed
Normal
Resources
Standard
Victory
Conquest
Starting age
Dark Age
Ending age
Imperial Age
RankedLock teamsTeams togetherTeam positionsShared explorationLock speedFull tech treeHidden civsTurbo modeCheats
Victory
Defeat
🇫🇷 Chinese · France
1829
+8
🇨🇳 Berbers · China
1773
+9
🇧🇷 Tatars · Brazil
1690
+12
🇺🇸 Burmese · United States
1660
+13
🇹🇼 Teutons · Taiwan
1654
-12
🇹🇼 Hindustanis · Taiwan
1608
-10
🇹🇼 Turks · Taiwan
1608
-10
🇦🇷 Slavs · Argentina
1592
-10
JunkDogJoe
9:25 Loom
12:51 Feudal Age
17:14 Castle Age
28:43 Horse Collar
31:53 Sanctity
33:20 Wheelbarrow
33:52 Heavy Plow
36:12 Fletching
36:59 Bodkin Arrow
37:55 Crossbowman
40:41 Pikeman
42:28 Scale Mail Armor
42:39 Forging
51:57 Gold Mining
55:08 Imperial Age
52:43 Squires
53:11 Chain Mail Armor
53:19 Gambesons
54:00 Arson
55:06 Bloodlines
54:56 Husbandry
55:04 Scale Barding Armor
55:35 Redemption
55:35 Fervor
56:11 Gold Shaft Mining
55:52 Padded Archer Armor
56:24 Plate Mail Armor
55:39 Halberdier
56:31 Forging
56:39 Hand Cart
59:02 Block Printing
58:55 Elite Battle Elephant
60:09 Chain Barding Armor
60:24 Iron Casting
60:14 Conscription
59:56 Howdah
59:58 Manipur Cavalry
61:25 Plate Barding Armor
61:28 Iron Casting
60:51 Stone Mining
coxinha_iodo
13:18 Feudal Age
17:00 Castle Age
15:00 Double-Bit Axe
18:53 Loom
19:58 Fletching
20:50 Bow Saw
20:52 Bodkin Arrow
24:57 Wheelbarrow
31:03 Town Watch
35:18 Imperial Age
33:07 Hand Cart
33:01 Gold Mining
33:42 Padded Archer Armor
34:49 Husbandry
36:02 Bracer
37:04 Chemistry
37:31 Heavy Cavalry Archer
39:03 Ballistics
39:10 Leather Archer Armor
40:29 Bloodlines
40:50 Ring Archer Armor
45:15 Conscription
49:58 Timurid Siegecraft
54:11 Onager
56:17 Onager
57:12 Guard Tower
57:19 Murder Holes
57:04 Treadmill Crane
57:31 Siege Engineers
57:36 Masonry
57:29 Silk Armor
61:07 Bombard Tower
60:23 Capped Ram
爱人跟人走
12:45 Feudal Age
16:22 Castle Age
14:41 Double-Bit Axe
15:35 Gold Mining
18:06 Bow Saw
19:00 Fletching
20:59 Loom
21:50 Bodkin Arrow
22:25 Horse Collar
26:52 Ballistics
27:31 Heavy Plow
34:16 Imperial Age
32:24 Wheelbarrow
33:15 Gold Shaft Mining
32:36 Stone Mining
33:37 Hand Cart
33:29 Husbandry
33:40 Bloodlines
34:59 Bracer
35:23 Conscription
35:34 Elite Camel Archer
37:18 Chemistry
36:55 Padded Archer Armor
37:25 Thumb Ring
38:16 Crop Rotation
40:06 Leather Archer Armor
40:05 Guilds
40:39 Masonry
41:09 Hoardings
42:26 Town Watch
43:26 Maghrebi Camels
45:00 Ring Archer Armor
46:59 Scale Barding Armor
47:04 Forging
46:16 Light Cavalry
49:15 Chain Barding Armor
49:31 Iron Casting
48:43 Hussar
50:33 Plate Barding Armor
52:15 Iron Casting
53:16 Kasbah
55:52 Blast Furnace
60:40 Coinage
Beauvéro
3:06 Loom
11:33 Feudal Age
15:34 Castle Age
13:52 Double-Bit Axe
17:15 Bow Saw
18:01 Squires
18:03 Scale Mail Armor
20:50 Wheelbarrow
23:00 Horse Collar
25:11 Chain Mail Armor
25:39 Forging
32:27 Imperial Age
31:17 Iron Casting
31:43 Scale Barding Armor
32:08 Bloodlines
32:00 Husbandry
32:30 Heavy Plow
33:04 Chain Barding Armor
33:10 Hand Cart
33:34 Cavalier
34:57 Plate Barding Armor
39:46 Fletching
40:58 Chemistry
41:04 Bodkin Arrow
42:34 Gold Mining
43:00 Pikeman
43:38 Halberdier
44:50 Plate Mail Armor
54:45 Bracer
55:48 Blast Furnace
58:40 Elite Fire Lancer
59:45 Light Cavalry
72 Black Fan
4:06 Loom
11:50 Feudal Age
12:17 Town Watch
18:03 Fletching
20:54 Scale Barding Armor
26:38 Wheelbarrow
28:47 Double-Bit Axe
31:26 Wheelbarrow
35:19 Castle Age
43:30 Bodkin Arrow
43:36 Padded Archer Armor
43:50 Elite Skirmisher
45:06 Leather Archer Armor
45:43 Masonry
47:10 Ballistics
50:45 Imperial Age
48:38 Hand Cart
48:32 Gold Mining
51:19 Stone Mining
51:21 Pikeman
52:01 Squires
53:13 Conscription
52:41 Onager
丁守中
9:50 Loom
12:08 Feudal Age
17:07 Castle Age
15:30 Fletching
16:27 Padded Archer Armor
16:46 Double-Bit Axe
16:42 Horse Collar
18:13 Bow Saw
19:40 Bodkin Arrow
22:04 Padded Archer Armor
25:00 Bloodlines
30:45 Wheelbarrow
37:28 Heavy Plow
37:57 Hand Cart
42:20 Imperial Age
44:22 Two-Man Saw
50:51 Scale Barding Armor
50:56 Forging
51:22 Leather Archer Armor
52:10 Chain Barding Armor
51:49 Light Cavalry
52:29 Husbandry
52:41 Forging
52:49 Town Watch
52:37 Hussar
53:53 Plate Barding Armor
58:50 Iron Casting
61:55 Blast Furnace
capt. Bear
14:02 Feudal Age
14:39 Double-Bit Axe
15:09 Fishing Lines
17:36 Castle Age
16:42 Loom
18:58 Bow Saw
20:09 Wheelbarrow
19:18 Horse Collar
23:50 Hand Cart
24:48 Town Watch
29:44 Imperial Age
28:18 Ballistics
27:54 Fletching
29:58 Bloodlines
29:49 Husbandry
30:09 Thumb Ring
30:51 Conscription
30:33 Bodkin Arrow
31:03 Padded Archer Armor
33:55 Bracer
33:59 Padded Archer Armor
33:57 Gold Mining
33:57 Stone Mining
36:06 Leather Archer Armor
36:03 Scale Barding Armor
36:08 Forging
36:31 Masonry
36:41 Bombard Tower
37:33 Ring Archer Armor
37:38 Parthian Tactics
38:19 Sipahi
38:22 Chain Barding Armor
38:14 Heavy Cavalry Archer
42:17 Plate Barding Armor
41:52 Forging
41:34 Treadmill Crane
42:33 Coinage
43:13 Hoardings
46:52 Caravan
47:23 Banking
51:11 Architecture
55:19 Iron Casting
57:14 Blast Furnace
58:45 Heavy Plow
DYS.K
14:11 Feudal Age
18:12 Castle Age
16:44 Double-Bit Axe
16:47 Horse Collar
16:59 Fishing Lines
17:06 Loom
19:22 Bow Saw
22:21 Town Watch
27:46 Heavy Plow
28:23 Wheelbarrow
28:02 Gold Mining
28:04 Stone Mining
28:06 Gold Mining
30:32 Hand Cart
33:36 Imperial Age
31:28 Scale Barding Armor
31:34 Forging
32:39 Chain Barding Armor
33:02 Bloodlines
34:07 Cavalier
35:24 Plate Barding Armor
35:10 Conscription
35:51 Iron Casting
35:48 Paladin
38:37 Blast Furnace
41:50 Fletching
44:39 Crenellations
44:15 Bodkin Arrow
48:40 Two-Man Saw
47:46 Onager
48:34 Siege Engineers
49:30 Chemistry
50:00 Pikeman
50:25 Gambesons
50:41 Squires
50:42 Scale Mail Armor
51:19 Siege Onager
53:20 Chain Mail Armor
52:53 Halberdier
Connection lost

Rejoining the realm…

Still unreachable

The connection could not be restored.

Session expired

The server has moved on; the page needs a fresh start.